 Dungeon Crawl Stone Soup version 0.29.1-13-g9f3cf754e1 (webtiles) character file.

Game seed: 4614069022218365825

16 hbarley the Covered (level 2, -1/24 HPs)
             Began as a Human Fighter on Jan 30, 2023.
             Slain by Terence
             ... wielding a +0 flail
              (2 damage)
             ... on level 2 of the Dungeon.
             The game lasted 00:03:41 (735 turns).

hbarley the Covered (Human Fighter)                  Turns: 735, Time: 00:03:42

Health: -1/24      AC:  9    Str: 16    XL:     2   Next: 75%
Magic:  2/2        EV:  6    Int:  8    God:
Gold:   43         SH:  4    Dex: 12    Spells: 1/1 levels left

rFire   . . .      SeeInvis .   a - +0 war axe
rCold   . . .      Faith    .   c - +0 buckler
rNeg    . . .      Spirit   .   e - +0 chain mail
rPois   .          Reflect  .   (no helmet)
rElec   .          Harm     .   (no cloak)
rCorr   .          Rampage  .   (no gloves)
Will    .....                   (no boots)
Stlth   ..........              (no amulet)
HPRegen 0.08/turn               (no ring)
MPRegen 0.08/turn               (no ring)

@: no status effects
A: no striking features
a: no special abilities


You were on level 2 of the Dungeon.
You visited 1 branch of the dungeon, and saw 2 of its levels.

You collected 43 gold pieces.

Inventory:

Hand Weapons
 a - a +0 war axe (weapon)
Armour
 b - a +0 scale mail
 c - a +0 buckler (worn)
 e - a +0 chain mail (worn)
Jewellery
 h - a ring of magical power
 n - a ring of wizardry
Scrolls
 f - 2 scrolls of magic mapping {unknown}
 g - a scroll of fear {unknown}
 i - a scroll of enchant armour {unknown}
 j - a scroll of noise {unknown}
 k - a scroll of blinking {unknown}
 l - 2 scrolls of vulnerability {unknown}
 m - a scroll of acquirement {unknown}
Potions
 d - a potion of might
 o - 2 potions of flight {unknown}
 p - a potion of curing {unknown}
 q - a potion of heal wounds {unknown}


   Skills:
 + Level 3.2 Fighting
 + Level 2.1 Axes
 + Level 3.2 Armour
 + Level 3.2 Shields


You had one spell level left.
You didn't know any spells.
Your spell library was empty.

Dungeon Overview and Level Annotations

Branches:
Dungeon (2/15)

Altars:

Annotations:
D:2 Terence


Message History

You hit the hobgoblin but do no damage.
The hobgoblin is lightly wounded.
You hit the bat but do no damage. You hit Terence.
The bat completely misses you. The hobgoblin completely misses you.
Terence hits you with a +0 flail. Terence barely misses you.
The hobgoblin hits you but does no damage.
You hit the hobgoblin.
The hobgoblin is almost dead.
You hit Terence but do no damage. The bat hits you but does no damage.
Terence hits you with a +0 flail.
The hobgoblin hits you but does no damage.
You closely miss the hobgoblin.
The hobgoblin is almost dead.
You hit Terence but do no damage. You block the bat's attack. x2
The hobgoblin hits you. Terence barely misses you.
Terence hits you but does no damage. The hobgoblin closely misses you.
You hit the hobgoblin.
You kill the hobgoblin!
You miss the bat. You hit Terence but do no damage. The bat hits you.
Terence hits you with a +0 flail.
You slash the kobold!
You kill the kobold!
You barely miss Terence. The bat closely misses you.
Terence hits you with a +0 flail.
* * * LOW HITPOINT WARNING * * *
The bat hits you but does no damage. Terence hits you but does no damage.
You see here a +0 club.
You hit Terence but do no damage.
Terence is moderately wounded.
You block the bat's attack. Terence hits you but does no damage.
You block Terence's attack.
You closely miss Terence.
Terence is moderately wounded.
The bat barely misses you. Terence hits you but does no damage.
You slash Terence!
Terence is almost dead.
The bat hits you but does no damage. Terence hits you with a +0 flail.
* * * LOW HITPOINT WARNING * * *
Terence hits you with a +0 flail.
You die...

. ... ....#####
........#########
.......@........########
.......@####...........#
........# #...........#
.....b..# #...........#
........####...........#
.##..........†.........+
.......######.#.....###
.................##.#
.#......#..# ..


You could see Terence and a bat.

Vanquished Creatures
  An endoplasm (D:1)
  3 goblins (D:1)
  A hobgoblin (D:2)
  3 kobolds
  3 quokkas
  2 ball pythons
  A bat (D:1)
14 creatures vanquished.

Notes
Turn   | Place    | Note
-------+----------+-------------------------------------------
     0 | D:1      | hbarley the Human Fighter began the quest for the Orb.
     0 | D:1      | Reached XP level 1. HP: 18/18 MP: 1/1
    55 | D:1      | Found a faded altar of an unknown god.
   335 | D:1      | Reached XP level 2. HP: 24/24 MP: 2/2
   722 | D:2      | Noticed Terence
   735 | D:2      | HP: 1/24 [Terence/+0 flail (2)]
   735 | D:2      | Slain by Terence

Illustrated notes

Levels and vault maps discovered:
D:1:      minmay_arrival_four_houses, layout_loops_ring,
          hellmonk_ecumenical_altar_heavens_door
D:2:      layout_basic, uniq_terence, uniq_natasha

Action                   || total
-------------------------++-------
Melee: War axe           ||    46
Armor: Chain mail        ||    36
Dodge: Dodged            ||    19
Block: Buckler           ||    20
